 Dungeon Crawl Stone Soup version 0.21.1-1-g345015fe64 (webtiles) character file.

2983 LevaFresel the Quickloader (level 10, -3/65 HPs)
             Began as a Kobold Hunter on June 6, 2018.
             Was a Priest of Okawaru.
             Slain by rbetra's ghost (8 damage)
             ... on level 8 of the Dungeon.
             The game lasted 00:51:24 (11652 turns).

LevaFresel the Quickloader (Kobold Hunter)         Turns: 11652, Time: 00:51:24

Health: -3/65      AC: 11    Str: 17    XL:     10   Next: 9%
Magic:  10/10      EV: 18    Int: 12    God:    Okawaru [***...]
Gold:   494        SH:  0    Dex: 17    Spells: 9/9 levels left

rFire    . . .     SeeInvis .   b - +0 dagger (freeze)
rCold    . . .     Gourm    .   (shield restricted)
rNeg     . . .     Faith    .   x - +0 scale mail
rPois    .         Spirit   .   (no helmet)
rElec    .         Reflect  .   j - +0 cloak
rCorr    .         Harm     .   (no gloves)
MR       .....                  (no boots)
Stlth    +.........             (no amulet)
HPRegen  0.20/turn              (no ring)
MPRegen  0.12/turn              r - +4 ring of protection

@: mighty
A: small, carnivore
a: Heroism, Renounce Religion


You were on level 8 of the Dungeon.
You worshipped Okawaru.
Okawaru was most pleased with you.
You were not hungry.

You visited 3 branches of the dungeon, and saw 10 of its levels.

You collected 494 gold pieces.

Inventory:

Hand Weapons
 a - a +1 hand crossbow
 b - a +0 dagger of freezing (weapon)
Armour
 j - a +0 cloak (worn)
 k - a +0 chain mail
 x - a +0 scale mail (worn)
 z - a +0 plate armour
Jewellery
 r - a +4 ring of protection (right hand)
 B - an uncursed ring of ice
Wands
 D - a wand of polymorph (11)
 E - a wand of paralysis (5)
Scrolls
 e - 2 scrolls of teleportation
 i - 5 scrolls of remove curse
 m - 2 scrolls of identify
 n - 2 scrolls of magic mapping {unknown}
 p - a scroll of random uselessness {unknown}
 q - 2 scrolls of enchant weapon {unknown}
 s - a scroll of immolation {unknown}
 w - 2 scrolls of amnesia {unknown}
 y - a scroll of enchant armour {unknown}
 C - a scroll of fear {unknown}
 J - 2 scrolls of noise {unknown}
Potions
 h - 2 potions of brilliance
 t - a potion of lignification {unknown}
 u - 2 potions of haste
 v - a potion of agility {unknown}
 A - a potion of ambrosia {unknown}
 F - a potion of berserk rage {unknown}
 I - 2 potions of degeneration {unknown}
Comestibles
 f - 26 rations


   Skills:
 + Level 8.7 Fighting
 * Level 1.0 Short Blades
 - Level 10.0 Crossbows
 + Level 0.2 Armour
 + Level 9.5 Dodging
 - Level 2.0 Stealth
 + Level 0.5 Invocations
 + Level 0.4 Evocations


You had 9 spell levels left.
You didn't know any spells.

Dungeon Overview and Level Annotations

Branches:
Dungeon (8/15)             Temple (1/1) D:5            Lair (1/6) D:8

Altars:
Ashenzari
Cheibriados
Dithmenos
Elyvilon
Fedhas
Gozag
Kikubaaqudgha
Makhleb
Nemelex Xobeh
Okawaru
Qazlal
Ru
Sif Muna
Trog
Uskayaw
Vehumet
Wu Jian
Xom
Yredelemnul
Zin
The Shining One

Annotations:
D:8 rbetra's ghost, novice MiFi


Innate Abilities, Weirdness & Mutations

You are small and have problems with some larger weapons.
You are carnivorous and can eat meat at any time.


Message History

You hit rbetra's ghost but do no damage.
Rbetra's ghost is heavily damaged.
Rbetra's ghost closely misses you.
You hit rbetra's ghost. You freeze rbetra's ghost.
Rbetra's ghost is heavily damaged.
Rbetra's ghost barely misses you.
You hit rbetra's ghost but do no damage.
Rbetra's ghost is heavily damaged.
Rbetra's ghost closely misses you.
You hit rbetra's ghost but do no damage.
Rbetra's ghost is heavily damaged.
You closely miss rbetra's ghost.
Rbetra's ghost is heavily damaged.
Rbetra's ghost screams, "What do you have that I didn't have?"
Rbetra's ghost hits you!
* * * LOW HITPOINT WARNING * * *
You hit rbetra's ghost but do no damage.
Rbetra's ghost is heavily damaged.
Rbetra's ghost hits you!
You die...

#......<...##.# #.#
#####.###...><###.## #.#
#...............>..# #.#
#.##...#.......##..# ##.######
#.##...#.#.###.###.###.......#
#.####.#.#.#####.....##.####.#
# #.# #.#.#....#.8...8.#.# #.#
###.####..#.#####.......#.#
#.#
.........###.##.@W.._.....#
#.# .#.####.##
##...#.......#.# ##.## ..#.#
##.###.####.8...8.#.###....
.#.##
#..#.######.....##...###..
##.# #.#.##....###.###..#
#≈≈.. ##.# #.#.##.####
#......###≈..♣ #.# #......#
######........ ##.#######..###
###...♣._ ...........÷.#
##.....


You could see rbetra's ghost.

Vanquished Creatures
  An elephant (D:7)
  A yak (D:8)
  2 basilisks (D:8)
  An ice beast (D:6)
  A hornet zombie (D:8)
  A black bear (D:7)
  3 ogres
  A centaur (D:6)
  3 bullfrogs (D:6)
  A water moccasin skeleton (D:8)
  3 killer bees
  6 howler monkeys
  2 crimson imps (D:7)
  2 centaur skeletons
  An orc priest (D:7)
  A hound (D:8)
  5 orc wizards
  2 bullfrog skeletons
  3 iguanas
  5 worker ants
  3 hound skeletons
  A worker ant zombie (D:6)
  15 adders
  10 gnolls
  3 shadow imps
  2 oozes
  An adder zombie (D:7)
  An adder skeleton (D:4)
  A worm (D:2)
  4 dart slugs
  2 leopard geckos
  7 orcs
  5 bats
  7 giant cockroaches
  4 goblins
  9 hobgoblins
  10 jackals
  10 kobolds
  6 quokkas
  3 frilled lizards
  A jackal skeleton (D:4)
  A leopard gecko skeleton (D:8)
  A quokka zombie (D:6)
  10 rats
162 creatures vanquished.

Vanquished Creatures (others)
  A quokka (D:8)
  A fungus (D:8)
2 creatures vanquished.

Grand Total: 164 creatures vanquished

Notes
Turn   | Place    | Note
-------+----------+-------------------------------------------
     0 | D:1      | LevaFresel the Kobold Hunter began the quest for the Orb.
     0 | D:1      | Reached XP level 1. HP: 12/12 MP: 1/1
   111 | D:1      | Reached skill level 5 in Crossbows
   111 | D:1      | Reached XP level 2. HP: 15/18 MP: 2/2
   454 | D:1      | Reached XP level 3. HP: 19/22 MP: 3/3
   724 | D:1      | Found a sparkling altar of Nemelex Xobeh.
  1693 | D:2      | Reached XP level 4. HP: 27/27 MP: 4/4
  2291 | D:2      | Reached skill level 6 in Crossbows
  2691 | D:3      | Reached XP level 5. HP: 30/32 MP: 5/5
  2693 | D:3      | Found an iron altar of Okawaru.
  2717 | D:3      | Became a worshipper of Warmaster Okawaru
  2824 | D:5      | Entered Level 5 of the Dungeon
  3723 | D:4      | Found a glowing silver altar of Zin.
  3774 | D:4      | Reached XP level 6. HP: 37/37 MP: 6/6
  3928 | D:4      | Reached skill level 7 in Crossbows
  4527 | D:5      | Found a staircase to the Ecumenical Temple.
  4549 | Temple   | Entered the Ecumenical Temple
  4966 | D:5      | Found a blossoming altar of Fedhas.
  5177 | D:5      | Found a shadowy altar of Dithmenos.
  5301 | D:5      | Reached XP level 7. HP: 14/43 MP: 7/7
  5429 | D:5      | Found a deep blue altar of Sif Muna.
  6078 | D:5      | Found a white marble altar of Elyvilon.
  6260 | D:6      | Reached skill level 5 in Dodging
  6337 | D:6      | Reached skill level 8 in Crossbows
  6457 | D:6      | Reached * piety under Okawaru
  6457 | D:6      | Reached skill level 5 in Fighting
  6457 | D:6      | Reached XP level 8. HP: 49/49 MP: 8/8
  6701 | D:6      | Reached skill level 9 in Crossbows
  7389 | D:7      | Reached ** piety under Okawaru
  7793 | D:7      | Reached skill level 10 in Crossbows
  7793 | D:7      | Reached XP level 9. HP: 35/55 MP: 9/9
  8012 | D:7      | Found a hide-covered altar of Uskayaw.
  9107 | D:8      | Noticed an elephant
  9285 | D:8      | Found an opulent altar of Gozag.
  9300 | D:8      | Found a white marble altar of Elyvilon.
  9658 | D:7      | Killed an elephant
 10253 | D:8      | Reached *** piety under Okawaru
 10361 | D:8      | Found a staircase to the Lair.
 10588 | Lair:1   | Entered Level 1 of the Lair of Beasts
 10639 | D:8      | Reached XP level 10. HP: 65/65 MP: 10/10
 10797 | D:8      | Noticed rbetra's ghost (novice MiFi)
 10841 | D:8      | HP: 1/65 [rbetra's ghost (13)]
 11593 | D:8      | Reached skill level 1 in Short Blades
 11652 | D:8      | Slain by rbetra's ghost

Skill      XL: |  1  2  3  4  5  6  7  8  9 10 |
---------------+-------------------------------+-----
Crossbows      | 5 6 7 8 10 | 10.0
Stealth        | 2 |  2.0
Dodging        | 3 4 5 6 9 |  9.5
Fighting       | 3 4 5 6 8 |  8.7
Short Blades   | 1 |  1.0
Armour         | |  0.2
Invocations    | |  0.5
Evocations     | |  0.4

Action                   |  1- 3 |  4- 6 |  7- 9 | 10-12 || total
-------------------------+-------+-------+-------+-------++-------
Melee: Short sword       |   120 |   199 |   183 |       ||   502
       Dagger            |       |       |   190 |    56 ||   246
 Fire: Hand crossbow     |    15 |    82 |   224 |    38 ||   359
Evoke: Wand              |       |       |     6 |     4 ||    10
  Use: Scroll            |       |     5 |     9 |     1 ||    15
       Potion            |       |       |     6 |     2 ||     8
 Stab: Sleeping          |     1 |     1 |       |       ||     2
       Paralysed         |       |       |     1 |     8 ||     9
  Eat: Ration            |     1 |       |     2 |     1 ||     4
       Chunk             |       |    11 |    16 |       ||    27
Armor: Leather armour    |    25 |    22 |       |       ||    47
       Ring mail         |       |    13 |       |       ||    13
       Scale mail        |       |    44 |   243 |     6 ||   293
Dodge: Dodged            |   108 |   172 |   399 |    41 ||   720
